 Dungeon Crawl Stone Soup version 0.21.1-1-g345015fe64 (webtiles) character file.

177 Ashiichan the Firebug (level 5, 0/54 HPs)
             Began as an Ogre Fire Elementalist on June 7, 2018.
             Slain by a phantom (7 damage)
             ... on level 3 of the Dungeon.
             The game lasted 00:07:24 (2621 turns).

Ashiichan the Firebug (Ogre Fire Elementalist)      Turns: 2621, Time: 00:07:24

Health: 0/54       AC:  3    Str: 12    XL:     5   Next: 57%
Magic:  0/8        EV: 10    Int: 17    God:
Gold:   149        SH:  0    Dex:  9    Spells: 2/8 levels left

rFire    . . .     SeeInvis .   (no weapon)
rCold    . . .     Gourm    .   (no shield)
rNeg     . . .     Faith    .   a - +0 robe
rPois    .         Spirit   .   (helmet restricted)
rElec    .         Reflect  .   (no cloak)
rCorr    +         Harm     .   (gloves unavailable)
MR       .....                  (boots unavailable)
Stlth    +.........             (no amulet)
HPRegen  0.18/turn              d - ring of resist corrosion
MPRegen  0.11/turn              (no ring)

@: very slightly contaminated
A: large, unfitting armour, tough skin 1
a: no special abilities


You were on level 3 of the Dungeon.
You were not hungry.

You visited 1 branch of the dungeon, and saw 4 of its levels.

You collected 149 gold pieces.

Inventory:

Armour
 a - a +0 robe (worn)
 p - a +0 robe
Jewellery
 d - a ring of resist corrosion (left hand)
 i - an uncursed amulet of guardian spirit
Scrolls
 e - a scroll of blinking {unknown}
 h - 6 scrolls of identify {unknown}
 k - a scroll of fear {unknown}
 m - a scroll of remove curse {unknown}
 n - a scroll of teleportation {unknown}
 q - a scroll of noise {unknown}
 r - a scroll of enchant weapon {unknown}
Potions
 f - a potion of flight {unknown}
 g - 3 potions of curing
 j - a potion of brilliance {unknown}
 l - a potion of agility {unknown}
Books
 b - a book of Flames

   Spells                             Type                      Level
   a - Flame Tongue                   Conjuration/Fire             1
   b - Throw Flame                    Conjuration/Fire             2
   c - Conjure Flame                  Conjuration/Fire             3
   d - Inner Flame                    Hexes/Fire                   3
   e - Sticky Flame                   Conjuration/Fire             4
   f - Fireball                       Conjuration/Fire             5
Comestibles
 c - 5 rations


   Skills:
 + Level 3.7 Fighting
 - Level 1.7 Dodging
 - Level 1.4 Stealth
 - Level 2.4 Spellcasting
 + Level 2.7 Conjurations
 + Level 3.8 Fire Magic


You had 2 spell levels left.
You knew the following spells:

 Your Spells              Type           Power        Failure   Level  Hunger
a - Flame Tongue          Conj/Fire      ##...        4%          1    #......
b - Throw Flame           Conj/Fire      ##....       7%          2    ##.....
c - Conjure Flame         Conj/Fire      ##......     14%         3    ###....


Dungeon Overview and Level Annotations

Branches:
Dungeon (4/15)
 Temple: D:4-7

Altars:
Kikubaaqudgha

Annotations:
D:3 loran1212's ghost, amateur GrFi


Innate Abilities, Weirdness & Mutations

You are too large for most types of armour.
You have tough skin. (AC +1)


Message History

There is a stone staircase leading down here.
It was a potion of curing.
You feel better. The phantom hits you!
* * * LOW HITPOINT WARNING * * *
Casting: Flame Tongue
Confirm with . or Enter, or press ? or * to list all spells.
Aiming: Flame Tongue
Press: ? - help, Shift-Dir - straight line, f - phantom
Aim: a phantom (lightly damaged)
The flame tongue hits the phantom.
The phantom is moderately damaged.
The phantom closely misses you.
Casting: Flame Tongue
Confirm with . or Enter, or press ? or * to list all spells.
Aiming: Flame Tongue
Press: ? - help, Shift-Dir - straight line, f/p - phantom
Aim: a phantom (moderately damaged)
The flame tongue hits the phantom.
The phantom is heavily damaged.
The phantom hits you!
You die...

#.# #W# #.#
#.# #.# #.#
#.#
###.####.#
#.......#
###.#.####.#
#..W..#
#.#@###
#.#.# #...#
#..## #..#
#..# #..#
#..# #..#


You could see a phantom.

Vanquished Creatures
  An orc wizard (D:3)
  Jessica (D:3)
  A worker ant (D:4)
  3 adders
  3 oozes
  3 dart slugs
  4 orcs
  2 ball pythons
  6 bats
  2 giant cockroaches
  2 goblins
  6 hobgoblins
  A quokka (D:2)
  4 frilled lizards
  5 kobolds
  A quokka skeleton (D:4)
  11 rats
56 creatures vanquished.

Notes
Turn   | Place    | Note
-------+----------+-------------------------------------------
     0 | D:1      | Ashiichan the Ogre Fire Elementalist began the quest for the Orb.
     0 | D:1      | Reached XP level 1. HP: 16/16 MP: 3/3
    19 | D:1      | Reached skill level 1 in Conjurations
    69 | D:1      | Reached skill level 1 in Fighting
    69 | D:1      | Reached XP level 2. HP: 27/27 MP: 0/5
   437 | D:1      | Reached XP level 3. HP: 19/35 MP: 0/6
  1322 | D:2      | Reached XP level 4. HP: 43/44 MP: 4/7
  1559 | D:2      | Found an ancient bone altar of Kikubaaqudgha.
  2060 | D:3      | Reached XP level 5. HP: 21/53 MP: 0/8
  2394 | D:3      | Noticed Jessica
  2403 | D:3      | Killed Jessica
  2465 | D:3      | Noticed loran1212's ghost (amateur GrFi)
  2560 | D:4      | Learned a level 2 spell: Throw Flame
  2564 | D:4      | Learned a level 3 spell: Conjure Flame
  2584 | D:4      | Noticed a phantom
  2621 | D:3      | Slain by a phantom

Skill      XL: |  1  2  3  4 |
---------------+-------------+-----
Conjurations   | 1 2 |  2.7
Fighting       | 1 2 3 |  3.7
Fire Magic     | 3 |  3.8
Dodging        | |  1.7
Stealth        | |  1.4
Spellcasting   | |  2.4

Action                   |  1- 3 |  4- 6 || total
-------------------------+-------+-------++-------
Melee: Unarmed           |    29 |     5 ||    34
 Cast: Flame Tongue      |    58 |    60 ||   118
  Use: Potion            |       |     1 ||     1
 Stab: Sleeping          |       |     1 ||     1
  Eat: Chunk             |     2 |     4 ||     6
Armor: Robe              |    35 |     5 ||    40
Dodge: Dodged            |    39 |    33 ||    72
